 Dungeon Crawl Stone Soup version 0.27-a0-1149-g4505690ab0 (webtiles) character file.

Game seed: 4709554236105396979

1975 Froggeryz the Basher (level 9, -1/67 HPs)
             Began as a Palentonga Berserker on May 13, 2021.
             Was a Priest of Trog.
             Succumbed to a water moccasin's poison
             ... on level 5 of the Dungeon.
             The game lasted 00:04:31 (5061 turns).

Froggeryz the Basher (Palentonga Berserker)         Turns: 5061, Time: 00:04:31

Health: -1/67      AC:  7    Str: 24    XL:     9   Next: 0%
Magic:  9/9        EV:  9    Int:  7    God:    Trog [***...]
Gold:   224        SH:  0    Dex: 10    Spells: 8/8 levels left

rFire    + + .     SeeInvis +   a - +0 mace
rCold    . . .     Faith    .   (no shield)
rNeg     . . .     Spirit   .   f - +2 robe {rF+}
rPois    .         Reflect  .   (no helmet)
rElec    .         Harm     .   (no cloak)
rCorr    .         Rampage  .   g - +0 pair of gloves
Will     .....                  (no barding)
Stlth    +.........             (no amulet)
HPRegen  0.21/turn              i - ring of protection from fire
MPRegen  0.11/turn              (no ring)

@: lethally poisoned (-1 -> -5), on berserk cooldown, slowed, very slow
A: large, rugged brown scales 3, see invisible, deformed body, roll 1, armoured
tail, reflexive curl
a: Rolling Charge, Renounce Religion, Berserk, Trog's Hand


You were on level 5 of the Dungeon.
You worshipped Trog.
Trog was most pleased with you.
You visited 1 branch of the dungeon, and saw 5 of its levels.

You collected 224 gold pieces.

Inventory:

Hand Weapons
 a - a +0 mace (weapon)
 o - a +2 vorpal dire flail
Missiles
 b - 7 javelins
 s - 12 poisoned darts (quivered)
Armour
 f - a +2 robe of fire resistance (worn)
 g - a +0 pair of gloves (worn)
Jewellery
 i - a ring of protection from fire (left hand)
 p - a ring of magical power
 t - a ring of protection from cold
Wands
 m - a wand of polymorph (5)
Scrolls
 d - 4 scrolls of teleportation {unknown}
 e - 2 scrolls of noise {unknown}
 j - 2 scrolls of summoning {unknown}
 k - 3 scrolls of identify {unknown}
 n - a scroll of vulnerability {unknown}
 q - a scroll of blinking {unknown}
 r - a scroll of immolation {unknown}
Potions
 c - a potion of cancellation {unknown}
 h - a potion of lignification
 l - 2 potions of degeneration {unknown}
 u - a potion of curing {unknown}
 v - a potion of invisibility {unknown}


   Skills:
 - Level 3.0 Fighting
 * Level 11.9 Maces & Flails
 - Level 1.5 Armour
 - Level 1.5 Dodging


You had 8 spell levels left.
You didn't know any spells.
Your spell library was empty.

Dungeon Overview and Level Annotations

Branches:
Dungeon (5/15)
 Temple: D:4-7

Altars:
Ashenzari
Kikubaaqudgha
Nemelex Xobeh
Okawaru
Vehumet

Annotations:
D:3 2 transporters


Innate Abilities, Weirdness & Mutations

You are completely covered in rugged brown scales. (AC +3, +7% HP)
You have supernaturally acute eyesight. (SInv)
Armour fits poorly on your strangely shaped body.
You can roll at nearby foes to attack.
You have a long armoured tail.
You curl defensively after being hit.


Message History

The water moccasin is severely wounded.
* * * LOW HITPOINT WARNING * * *
You feel very sick.
You sock the water moccasin!
You kill the water moccasin!
Trog accepts your kill.
* * * LOW HITPOINT WARNING * * *
You feel sick.
You have reached level 9!
Your experience leads to an increase in your attributes!
Increase (S)trength, (I)ntelligence, or (D)exterity?
You feel stronger.
* * * LOW HITPOINT WARNING * * *
You feel sick. The howler monkey skeleton hits you.
* * * LOW HITPOINT WARNING * * *
You see here a water moccasin corpse.
You sock the howler monkey skeleton!
You tail-slap the howler monkey skeleton.
The howler monkey skeleton is heavily damaged.
* * * LOW HITPOINT WARNING * * *
You feel sick.
The howler monkey skeleton closely misses you.
You thump the howler monkey skeleton!
The howler monkey skeleton is almost destroyed.
* * * LOW HITPOINT WARNING * * *
You feel sick.
You sock the howler monkey skeleton!
You destroy the howler monkey skeleton!
Trog accepts your kill.
* * * LOW HITPOINT WARNING * * *
You feel sick.
* * * LOW HITPOINT WARNING * * *
You feel sick.
You feel a strong urge to attack something.
You are no longer berserk.
You are exhausted.
You feel yourself slow down.
* * * LOW HITPOINT WARNING * * *
You feel sick.
You die...

.......#####.........#.....
........####.#####...#.....
.............# #..........
.......(..#######..#.......
...................#.......
.......†....######.#.......
.............## .........#
..............# #........#
..........@..## ## ......#
.........[........ .....>.
...........###.#.#
..........## .# .........##
......... .....#. ......


There were no monsters in sight!

Vanquished Creatures
  Pikel (D:5)
  Grinder (D:4)
  Sigmund (D:2)
  A steam dragon (D:5)
  Menkaure (D:5)
  Edmund (D:4)
  Duvessa (D:4)
  A water moccasin (D:5)
  An ice beast (D:5)
  An ogre (D:4)
  A centaur (D:3)
  A lemure (D:5)
  Dowan (D:4)
  A jelly (D:5)
  A bullfrog skeleton (D:5)
  An iguana (D:4)
  A scorpion zombie (D:4)
  A mummy (D:4)
  A howler monkey skeleton (D:5)
  9 adders
  A worm (D:2)
  8 dart slugs
  An orc (D:4)
  8 endoplasms
  5 giant cockroaches
  10 goblins
  3 hobgoblins
  6 jackals (D:1)
  11 kobolds
  5 quokkas
  6 ball pythons
  2 bats (D:1)
  3 frilled lizards
  2 hobgoblin zombies (D:4)
  2 kobold zombies (D:4)
  3 rats
104 creatures vanquished.

Notes
Turn   | Place    | Note
-------+----------+-------------------------------------------
     0 | D:1      | Froggeryz the Palentonga Berserker began the quest for the
                  | Orb.
     0 | D:1      | Reached XP level 1. HP: 19/19 MP: 1/1
   158 | D:1      | Reached XP level 2. HP: 25/25 MP: 2/2
   492 | D:1      | Reached skill level 4 in Maces & Flails
   765 | D:1      | Reached XP level 3. HP: 29/31 MP: 3/3
   953 | D:1      | Reached ** piety under Trog
  1190 | D:2      | Noticed Sigmund
  1210 | D:2      | Killed Sigmund
  1211 | D:2      | Reached skill level 6 in Maces & Flails
  1211 | D:2      | Reached XP level 4. HP: 26/37 MP: 4/4
  1211 | D:2      | Reached XP level 5. HP: 30/43 MP: 5/5
  1960 | D:2      | Reached XP level 6. HP: 40/50 MP: 6/6
  2532 | D:3      | Found a broken altar of Ashenzari.
  2532 | D:3      | Noticed an acid dragon
  2533 | D:3      | Found a transporter.
  2542 | D:3      | Found a transporter.
  2671 | D:3      | Reached skill level 7 in Maces & Flails
  3419 | D:4      | Noticed Grinder
  3423 | D:4      | Reached *** piety under Trog
  3441 | D:4      | Killed Grinder
  3442 | D:4      | Reached skill level 8 in Maces & Flails
  3442 | D:4      | Gained mutation: You curl defensively after being hit.
                  | [Palentonga growth]
  3442 | D:4      | Reached XP level 7. HP: 55/55 MP: 7/7
  3521 | D:4      | Found an ancient bone altar of Kikubaaqudgha.
  3568 | D:4      | Found an iron altar of Okawaru.
  3605 | D:4      | Found a sparkling altar of Nemelex Xobeh.
  3613 | D:4      | Noticed Edmund
  3627 | D:4      | Killed Edmund
  3628 | D:4      | Reached skill level 9 in Maces & Flails
  4007 | D:4      | Found a radiant altar of Vehumet.
  4037 | D:4      | Noticed Duvessa
  4037 | D:4      | Noticed Dowan
  4048 | D:4      | Killed Duvessa
  4054 | D:4      | Killed Dowan
  4230 | D:4      | Reached XP level 8. HP: 62/62 MP: 8/8
  4381 | D:5      | Entered Level 5 of the Dungeon
  4397 | D:5      | Reached skill level 10 in Maces & Flails
  4901 | D:5      | Noticed Pikel
  4927 | D:5      | Killed Pikel
  4928 | D:5      | Reached skill level 11 in Maces & Flails
  5039 | D:5      | Noticed Menkaure
  5050 | D:5      | Killed Menkaure
  5055 | D:5      | Reached XP level 9. HP: 12/67 MP: 9/9
  5058 | D:5      | HP: 5/100 [poisoned by a water moccasin]
  5060 | D:5      | HP: 1/67 [poisoned by a water moccasin]
  5061 | D:5      | Succumbed to a water moccasin's poison

Illustrated notes

Levels and vault maps discovered:
D:1:      amcnicky_arrival_abandoned_market, layout_basic
D:2:      kb_forest_paths, layout_basic, uniq_sigmund
D:3:      layout_loops_cross, gammafunk_temple_overflow_arena,
          corexii_hall_statues_t, amcnicky_mini_pool_small,
          palyth_stone_intersect
D:4:      layout_cave_pools, nicolae_vehumet_radiance, kennysheep_mini_moat,
          grunt_temple_overflow_open, st_stairs_7, minmay_mini_ossuary,
          uniq_edmund, uniq_duvessa, uniq_grinder
D:5:      wander_guarded_unrand_ratskin, layout_basic,
          nicolae_overflow_hidden_temple, uniq_pikel, uniq_crazy_yiuf_cottage,
          uniq_menkaure

Skill      XL: |  1  2  3  4  5  6  7  8 |
---------------+-------------------------+-----
Maces & Flails | 4 6 8 9 11 | 11.9
Fighting       | |  3.0
Armour         | |  1.5
Dodging        | |  1.5

Action                   |  1- 3 |  4- 6 |  7- 9 || total
-------------------------+-------+-------+-------++-------
Melee: Mace              |    89 |   132 |   118 ||   339
       Tailslap          |     9 |    14 |    20 ||    43
Invok: Berserk           |     1 |     1 |     4 ||     6
       Trog's Hand       |       |     1 |       ||     1
  Use: Potion            |     3 |       |       ||     3
Armor: Animal skin       |    33 |       |       ||    33
       Skin              |     7 |       |       ||     7
       Robe              |       |    46 |    24 ||    70
Dodge: Dodged            |    47 |    74 |    43 ||   164

Table legend: (Time is in decaauts)
 A = Elapsed time spent in this place.
 B = Non-inter-level travel time spent in this place.
 C = Inter-level travel time spent in this place.
 D = Time resting spent in this place.
 E = Time spent auto-exploring this place.
 F = Levels seen in this place.
 G = Mean time per level.
                   A        B        C        D        E       F      G
               +--------+--------+--------+--------+--------+-----+--------+
         Total |   5125 |   4963 |    162 |   1177 |   3074 |   5 | 1025.0 |
       Dungeon |   5125 |   4963 |    162 |   1177 |   3074 |   5 | 1025.0 |
               +--------+--------+--------+--------+--------+-----+--------+

Top non-repeatable levels by time:
     D:3: 1264 daAuts
     D:2: 1227 daAuts
     D:1: 1201 daAuts
     D:4: 754 daAuts
     D:5: 677 daAuts
